 Dungeon Crawl Stone Soup version 0.23.2-1-ga50397a (webtiles) character file.

Game seed: 1810297165627635379

148 MalarOregon the Digger (level 5, -2/38 HPs)
             Began as a Ghoul Earth Elementalist on June 2, 2019.
             Killed from afar by Ijyb (3 damage)
             ... with a wand of flame (14)
             ... on level 3 of the Dungeon.
             The game lasted 00:09:34 (3178 turns).

MalarOregon the Digger (Ghoul Earth Elementalist)   Turns: 3178, Time: 00:09:35

Health: -2/38      AC:  4    Str: 12    XL:     5   Next: 30%
Magic:  5/8        EV: 12    Int: 11    God:
Gold:   122        SH:  0    Dex:  9    Spells: 2/10 levels left

rFire    . . .     SeeInvis .   (no weapon)
rCold    + . .     Gourm    .   (no shield)
rNeg     + + +     Faith    .   c - +0 robe
rPois    ∞         Spirit   .   g - +0 helmet
rElec    .         Reflect  .   (no cloak)
rCorr    .         Harm     .   (no gloves)
MR       .....                  o - +0 pair of boots
Stlth    ++........             (no amulet)
HPRegen  0.00/turn              h - ring of flight
MPRegen  0.11/turn              (no ring)

@: rotting
A: rotting body, claws 1, carnivore, cold resistance 1, negative energy
resistance 3, inhibited regeneration, torment resistance, unbreathing
a: Evoke Flight


You were on level 3 of the Dungeon.
You were not hungry.

You visited 1 branch of the dungeon, and saw 3 of its levels.

You collected 122 gold pieces.

Inventory:

Missiles
 b - 86 stones (quivered)
Armour
 c - a +0 robe (worn)
 g - a +0 helmet (worn)
   (You found it on level 1 of the Dungeon)
 o - a +0 pair of boots (worn)
   (You found it on level 3 of the Dungeon)
Jewellery
 h - a ring of flight (left claw)
   (You found it on level 1 of the Dungeon)
Scrolls
 a - a scroll of magic mapping {unknown}
 f - a scroll of teleportation {unknown}
 i - a scroll of enchant weapon {unknown}
 l - a scroll of immolation {unknown}
 m - 3 scrolls of identify {unknown}
 n - a scroll of remove curse {unknown}
Comestibles
 e - 5 rations {!d}


   Skills:
 - Level 1.7 Dodging
 - Level 2.1 Stealth
 + Level 3.1 Spellcasting
 + Level 1.5 Conjurations
 - Level 0.8 Transmutations
 + Level 4.7 Earth Magic


You had 2 spell levels left.
You knew the following spells:

 Your Spells              Type           Power        Failure   Level  Hunger
a - Sandblast             Erth           ##....       3%          1    #......
b - Petrify               Tmut/Erth      #.......     63%         4    #####..
x - Stone Arrow           Conj/Erth      #.....       22%         3    ###....

Your spell library contained the following spells:

 Spells                   Type           Power        Failure   Level  Hunger
 Passwall                 Tmut/Erth      #.......     12%         2    ###....
 Lee's Rapid Deconstruct  Erth           ##........   71%         5    ######.


Dungeon Overview and Level Annotations

Branches:
Dungeon (3/15)

Altars:
Hepliaklqana
Kikubaaqudgha
Nemelex Xobeh
Sif Muna
The Shining One

Annotations:
D:2 Sigmund, Terence
D:3 Ijyb


Innate Abilities, Weirdness & Mutations

Your body is rotting away.
You thrive on raw meat.
You are immune to poison.
You have sharp fingernails.
You are carnivorous and can eat meat at any time.
Your flesh is cold resistant. (rC+)
You are immune to negative energy. (rN+++)
You do not regenerate when monsters are visible.
You are immune to unholy pain and torment.
You can survive without breathing.


Message History

The blast of sand hits Ijyb!
b - 92 stones
Aim: Ijyb, wielding a +0 rapier, wearing a +0 leather armour and carrying a wand of flame (18) (severely wounded)
The blast of sand hits Ijyb.
b - 91 stones Ijyb closely misses you.
You barely miss Ijyb. Ijyb hits you with a +0 rapier.
* * * LOW HITPOINT WARNING * * *
Your magical contamination has completely faded away.
You barely miss Ijyb.
Ijyb screams, "Get away!"
Ijyb barely misses you.
You barely miss Ijyb.
Ijyb drinks a potion.
Ijyb is healed!
You barely miss Ijyb. Ijyb hits you with a +0 rapier.
* * * LOW HITPOINT WARNING * * *
You closely miss Ijyb.
Ijyb zaps a wand.
The puff of flame hits you.
* * * LOW HITPOINT WARNING * * *
Okay, then.
Okay, then.
Ijyb zaps a wand.
The puff of flame misses you.
Aim: Ijyb, wielding a +0 rapier, wearing a +0 leather armour and carrying a wand of flame (16) (heavily wounded)
The blast of sand hits Ijyb.
b - 90 stones Ijyb screams, "Me stronger than you!"
Ijyb zaps a wand.
The puff of flame hits you.
* * * LOW HITPOINT WARNING * * *
It was a potion of magic.
Magic courses through your body.
It was a potion of lignification.
You feel woody for a moment.
Ijyb zaps a wand.
The puff of flame misses you.
Aim: Ijyb, wielding a +0 rapier, wearing a +0 leather armour and carrying a wand of flame (14) (heavily wounded)
The blast of sand hits Ijyb.
b - 89 stones
Aim: Ijyb, wielding a +0 rapier, wearing a +0 leather armour and carrying a wand of flame (14) (severely wounded)
The blast of sand hits Ijyb but does no damage.
b - 88 stones
Aim: Ijyb, wielding a +0 rapier, wearing a +0 leather armour and carrying a wand of flame (14) (severely wounded)
The blast of sand hits Ijyb.
b - 87 stones Ijyb misses you.
Aim: Ijyb, wielding a +0 rapier, wearing a +0 leather armour and carrying a wand of flame (14) (severely wounded)
The blast of sand misses Ijyb.
b - 86 stones Ijyb zaps a wand.
The puff of flame hits you.
You die...

#.# #.# #.###### #....... .
###.######
..###############.#.....#.
.......?............###... .
................#.#.###.##
...........@g.........>##.##
#..####.%.#####....#.......
.#.....#....................
.....†..<..#####g##.#.###...
...........# ##...........
.....##....# #...........
.... #....# #........... ...
#....# #........... ##.
####.# #########.##


You could see Ijyb.

Vanquished Creatures
  Natasha (D:2)
  5 adders
  A worm (D:2)
  A dart slug (D:1)
  3 leopard geckos
  5 orcs
  8 bats
  A giant cockroach (D:1)
  6 goblins
  6 hobgoblins
  10 jackals
  A quokka (D:3)
  A ball python (D:3)
  2 frilled lizards
  9 kobolds
  A quokka skeleton (D:2)
  2 rats (D:1)
63 creatures vanquished.

Notes
Turn   | Place    | Note
-------+----------+-------------------------------------------
     0 | D:1      | MalarOregon the Ghoul Earth Elementalist began the quest
                  | for the Orb.
     0 | D:1      | Reached XP level 1. HP: 14/14 MP: 2/2
     2 | D:1      | Noticed a naga
     2 | D:1      | Noticed a halfling
     4 | D:1      | Noticed a demigod
     4 | D:1      | Noticed a dwarf
     6 | D:1      | Noticed an octopode
     6 | D:1      | Noticed a vine stalker
     8 | D:1      | Noticed a troll
     8 | D:1      | Noticed a spriggan
    12 | D:1      | Noticed an ogre
    12 | D:1      | Noticed a human
    14 | D:1      | Noticed a demonspawn
    16 | D:1      | Noticed a centaur
    16 | D:1      | Noticed a formicid
    18 | D:1      | Noticed a minotaur
    20 | D:1      | Noticed a merfolk
    20 | D:1      | Noticed a gargoyle
    22 | D:1      | Noticed an elf
    22 | D:1      | Noticed a vampire
    24 | D:1      | Noticed a draconian
    24 | D:1      | Noticed a felid
    26 | D:1      | Noticed a ghoul
    26 | D:1      | Noticed a tengu
   189 | D:1      | Reached XP level 2. HP: 12/20 MP: 0/4
   198 | D:1      | HP: 1/20 [jackal (1)]
   857 | D:1      | Reached skill level 4 in Earth Magic
   857 | D:1      | Reached XP level 3. HP: 26/26 MP: 2/5
   869 | D:1      | Learned a level 3 spell: Stone Arrow
  1474 | D:2      | Noticed Sigmund
  1736 | D:2      | Noticed Terence
  1884 | D:2      | Reached XP level 4. HP: 33/33 MP: 3/7
  1950 | D:2      | Noticed Natasha
  1955 | D:2      | Killed Natasha
  1955 | D:2      | Reached skill level 1 in Conjurations
  2403 | D:2      | Learned a level 4 spell: Petrify
  2624 | D:3      | Noticed Ijyb
  2638 | D:3      | Reached XP level 5. HP: 38/38 MP: 4/8
  3035 | D:3      | Found a deep blue altar of Sif Muna.
  3041 | D:3      | Found a sparkling altar of Nemelex Xobeh.
  3042 | D:3      | Found an ancient bone altar of Kikubaaqudgha.
  3044 | D:3      | Found a hazy altar of Hepliaklqana.
  3045 | D:3      | Found a glowing golden altar of the Shining One.
  3172 | D:3      | HP: 1/38 [Ijyb/wand of flame (16) (5)]
  3178 | D:3      | Killed from afar by Ijyb

Skill      XL: |  1  2  3  4 |
---------------+-------------+-----
Spellcasting   | 2 3 |  3.1
Earth Magic    | 4 |  4.7
Conjurations   | 1 |  1.5
Dodging        | |  1.7
Stealth        | |  2.1
Transmutations | |  0.8

Action                   |  1- 3 |  4- 6 || total
-------------------------+-------+-------++-------
Melee: Unarmed           |    88 |    33 ||   121
 Cast: Sandblast         |    36 |    51 ||    87
  Use: Potion            |       |     2 ||     2
 Stab: Sleeping          |     3 |     1 ||     4
  Eat: Chunk             |    12 |     1 ||    13
Armor: Robe              |    29 |    10 ||    39
Dodge: Dodged            |    81 |    24 ||   105
